 Dungeon Crawl Stone Soup version 0.28-a0-390-gb254ac4902 (webtiles) character file.

Game seed: 17188584942458480738

72 Soel the Shooter (level 4, 0/34 HPs)
             Began as a Human Hunter on Sept 3, 2021.
             Was a Follower of Kikubaaqudgha.
             Succumbed to a scorpion's poison
             ... on level 6 of the Dungeon.
             The game lasted 00:35:28 (3462 turns).

Soel the Shooter (Human Hunter)                     Turns: 3462, Time: 00:35:28

Health: 0/34       AC:  6    Str: 12    XL:     4   Next: 48%
Magic:  4/4        EV: 11    Int: 12    God:    Kikubaaqudgha [*.....]
Gold:   62         SH:  5    Dex: 14    Spells: 3/3 levels left

rFire   . . .      SeeInvis .   v - +0 quarterstaff
rCold   . . .      Faith    .   (shield currently unavailable)
rNeg    + . .      Spirit   .   l - +0 ring mail
rPois   .          Reflect  +   (no helmet)
rElec   .          Harm     .   r - +0 cloak
rCorr   .          Rampage  .   (no gloves)
Will    .....                   (no boots)
Stlth   +.........              h - amulet of reflection
HPRegen 0.11/turn               s - ring of positive energy
MPRegen 0.09/turn               (no ring)

@: lethally poisoned (0 -> -11)
A: no striking features
a: Renounce Religion, Receive Corpses


You were on level 6 of the Dungeon.
You worshipped Kikubaaqudgha.
Kikubaaqudgha was aware of your devotion.
You visited 1 branch of the dungeon, and saw 4 of its levels.

You collected 62 gold pieces.

Inventory:

Hand Weapons
 a - a +1 shortbow
 b - a +0 short sword
 e - a +0 dagger
 i - a +0 dagger
 m - a +0 dagger
 q - a +0 dagger
 v - a +0 quarterstaff (weapon)
Missiles
 d - 26 arrows
 k - 23 stones (quivered)
 n - 21 bolts
Armour
 c - a +1 leather armour
 f - a +0 leather armour
 j - a +0 robe
 l - a +0 ring mail (worn)
 o - a +0 ring mail
 p - a +0 robe
 r - a +0 cloak (worn)
 t - a +0 leather armour
 u - a +0 ring mail
 w - a +0 leather armour
 x - a +0 chain mail
Jewellery
 h - an amulet of reflection (around neck)
 s - a ring of positive energy (left hand)
Scrolls
 g - 2 scrolls of noise


   Skills:
 + Level 2.3 Fighting
 + Level 0.1 Short Blades
 + Level 0.2 Staves
 + Level 5.1 Bows
 + Level 1.0 Armour
 + Level 2.1 Dodging
 + Level 1.2 Stealth
 + Level 0.1 Shields


You had 3 spell levels left.
You didn't know any spells.
Your spell library contained the following spells:

 Spells                   Type           Power      Damage    Failure   Level
 Animate Skeleton         Necr           0%         N/A       58%         1
 Magic Dart               Conj           0%         1d3       58%         1
 Pain                     Necr           0%         1d4       58%         1
 Searing Ray              Conj           0%         3d3       75%         2
 Sublimation of Blood     Necr           0%         N/A       75%         2
 Ignite Poison            Fire/Tmut/Pois 0%         N/A       92%         3
 Mephitic Cloud           Conj/Pois/Air  0%         N/A       92%         3
 Portal Projectile        Hex/Tloc       0%         N/A       92%         3
 Vampiric Draining        Necr           0%         2d6       92%         3
 Fulminant Prism          Conj/Hex       0%         3d6       100%        4
 Blade Hands              Tmut           0%         N/A       100%        5
 Bolt of Magma            Conj/Fire/Erth 0%         4d4       100%        5
 Excruciating Wounds      Necr           0%         N/A       100%        5


Dungeon Overview and Level Annotations

Branches:
Dungeon (6/15)
 Temple: D:4-7

Altars:
Kikubaaqudgha
Wu Jian

Shops:
D:1 *:?


Message History

Fire: 28 arrows
Press: ? - help, Q - select action, (/) - cycle Shift-Dir - straight line, f/p - scorpion
Aim: a scorpion (moderately wounded, 63% to hit)
You shoot an arrow.
The arrow hits the scorpion but does no damage.
The scorpion is moderately wounded.
The scorpion stings you but does no damage.
The scorpion closely misses you.
Fire: 27 arrows
Press: ? - help, Q - select action, (/) - cycle Shift-Dir - straight line, f/p - scorpion
Aim: a scorpion (moderately wounded, 63% to hit)
You shoot an arrow. The arrow barely misses the scorpion.
The scorpion stings you.
You are poisoned.
The scorpion poisons you!
Press: ? - help, v - describe, . - travel, g - get item
Here: a scorpion (moderately wounded) Item here: an arrow.
The floor.
A scorpion is nearby!
Press: ? - help, v - describe, . - travel, g - get item
Here: a scorpion (moderately wounded) Item here: an arrow.
The floor.
v - a +0 quarterstaff (weapon)
You feel sick.
You hit the scorpion.
The scorpion is heavily wounded.
You feel sick. You block the scorpion's attack.
The scorpion closely misses you.
You closely miss the scorpion.
The scorpion is heavily wounded.
You feel sick. The scorpion stings you.
* * * LOW HITPOINT WARNING * * *
You are more poisoned.
The scorpion poisons you! The scorpion misses you.
You hit the scorpion.
The scorpion is severely wounded.
You die...
Kikubaaqudgha rasps: "You have failed me!
Welcome... death!"

*,**,** *,,,,,*,**,,**,*,,,,,,,
*,**** *,.,,*,*,#..#.*,*,,,,,,
*,* ##,,.,#*,#....#,**,,,,,,
*,* #..,.#.##......**,*,,,,,
*,*****#...*.#(.......,,*,*,,,,
*,,,,,,,#..##.........,,,**,,,*
******,*#.#...........,,,,,*,,*
**,#.....s.......,,,,,,,**
**,,,#..@..(#***,***,***
**,#.#.$.#.#**,,***,*
**,*##.##,,,,,,,,,,* ***
#.#************ #.# #.#
********** #.# *,<,,,,,,* #.#
*,******,* #.###### #########


You could see a scorpion.

Vanquished Creatures
  A bullfrog skeleton (D:6)
  An adder (D:3)
  3 ball pythons
  5 endoplasms
  3 goblins
  3 hobgoblins
  2 kobolds
  2 quokkas
  3 bats
  3 frilled lizards
  7 rats
33 creatures vanquished.

Notes
Turn   | Place    | Note
-------+----------+-------------------------------------------
     0 | D:1      | Soel the Human Hunter began the quest for the Orb.
     0 | D:1      | Reached XP level 1. HP: 16/16 MP: 1/1
   227 | D:1      | Found Tikaud's Assorted Antiques.
   616 | D:1      | Reached XP level 2. HP: 22/22 MP: 2/2
   831 | D:1      | Found Daewk's Magic Scroll Emporium.
  1427 | D:1      | Found Waceemuidd's Book Shop.
  1439 | D:1      | Reached XP level 3. HP: 26/27 MP: 3/3
  1976 | D:1      | Found a faded altar of an unknown god.
  2011 | D:1      | Became a worshipper of Kikubaaqudgha
  2011 | D:1      | Reached * piety under Kikubaaqudgha
  2011 | D:1      | Received a gift from Kikubaaqudgha
  3081 | D:3      | You fall into a shaft and drop 3 floors!
  3117 | D:6      | Found an ornate altar of the Wu Jian Council.
  3405 | D:6      | Reached skill level 5 in Bows
  3405 | D:6      | Reached skill level 1 in Armour
  3405 | D:6      | Reached XP level 4. HP: 11/34 MP: 4/4
  3449 | D:6      | Noticed a scorpion
  3462 | D:6      | Succumbed to a scorpion's poison

Illustrated notes

Levels and vault maps discovered:
D:1:      saegor_arrival_simple_c, layout_basic,
          hellmonk_ecumenical_altar_inner_sanctum, serial_shops, shop,
          nicolae_shop_stone, nicolae_shop_stone
D:2:      layout_loops_ring, serial_rivers, chequers_serial_rivers_large_a,
          chequers_serial_rivers_room_b, chequers_serial_rivers_micro_d,
          chequers_serial_rivers_micro_c, chequers_serial_rivers_micro_d,
          chequers_serial_rivers_micro_a
D:3:      layout_basic, lightli_temple_of_fire, chequers_jeans
D:6:      layout_loops_corners, mainiacjoe_overflow_paths,
          minmay_misc_feat_secret_circle

Skill      XL: |  1  2  3 |
---------------+----------+-----
Bows           | 5 |  5.1
Armour         | 1 |  1.0
Fighting       | |  2.3
Short Blades   | |  0.1
Staves         | |  0.2
Dodging        | |  2.1
Stealth        | |  1.2
Shields        | |  0.1

Action                   |  1- 3 |  4- 6 || total
-------------------------+-------+-------++-------
Melee: Short sword       |    27 |       ||    27
       Quarterstaff      |    11 |     3 ||    14
       Dagger            |     2 |       ||     2
 Fire: Shortbow          |    75 |     8 ||    83
  Use: Scroll            |     5 |       ||     5
       Potion            |     5 |       ||     5
Armor: Leather armour    |     8 |       ||     8
       Ring mail         |    28 |     2 ||    30
Dodge: Dodged            |    42 |     6 ||    48
Block: Other             |    11 |     1 ||    12

Table legend: (Time is in decaauts)
 A = Elapsed time spent in this place.
 B = Non-inter-level travel time spent in this place.
 C = Inter-level travel time spent in this place.
 D = Time resting spent in this place.
 E = Time spent auto-exploring this place.
 F = Levels seen in this place.
 G = Mean time per level.
                   A        B        C        D        E       F      G
               +--------+--------+--------+--------+--------+-----+--------+
         Total |   3466 |   3257 |    209 |    318 |     58 |   4 |  866.5 |
       Dungeon |   3466 |   3257 |    209 |    318 |     58 |   4 |  866.5 |
               +--------+--------+--------+--------+--------+-----+--------+

Top non-repeatable levels by time:
     D:1: 2127 daAuts
     D:3: 538 daAuts
     D:2: 416 daAuts
     D:6: 383 daAuts
